[ AOE2 MATCH · #487550407 ]
Team RMJapanese vs Mongols
Player's team · LOSS
[ REPLAY ANALYSIS · EXTRACTED FROM THE RECORDED GAME ]
Feudal
11:39
Castle
24:31
Imperial
42:09
| APM avg | 65.7 |
| APM peak | 108 |
| eAPM avg | 38.8 |
| Villagers / military | 218 / 285 |
Focus
⚔️ 49.3% · 🌾 50.7%
Spearman ×121 · Samurai ×94 · Cavalry Archer ×25 · Archer ×20 · Battering Ram ×15 · Militia ×8
Feudal
12:19
Castle
16:39
Imperial
37:36
| APM avg | 37.6 |
| APM peak | 88 |
| eAPM avg | 21.5 |
| Villagers / military | 122 / 310 |
Focus
⚔️ 52.8% · 🌾 47.2%
Steppe Lancer ×170 · Scout Cavalry ×115 · Battering Ram ×15 · Camel Scout ×10
Feudal
14:58
Castle
24:06
Imperial
—
| APM avg | 52.0 |
| APM peak | 85 |
| eAPM avg | 29.4 |
| Villagers / military | 146 / 3 |
Focus
⚔️ 16.0% · 🌾 84.0%
Unknown (2562) ×71 · Fishing Ship ×11 · Battering Ram ×3 · Trade Cart ×2
Feudal
14:10
Castle
18:05
Imperial
44:47
| APM avg | 45.4 |
| APM peak | 106 |
| eAPM avg | 24.0 |
| Villagers / military | 217 / 302 |
Focus
⚔️ 41.2% · 🌾 58.8%
Knight ×221 · Cavalry Archer ×78 · Trebuchet (Packed) ×2 · Monk ×1
Feudal
12:01
Castle
22:54
Imperial
44:30
| APM avg | 40.0 |
| APM peak | 67 |
| eAPM avg | 23.8 |
| Villagers / military | 185 / 194 |
Focus
⚔️ 43.2% · 🌾 56.8%
Knight ×124 · Scout Cavalry ×53 · Camel Scout ×17
Feudal
13:17
Castle
17:12
Imperial
46:50
| APM avg | 50.0 |
| APM peak | 120 |
| eAPM avg | 19.9 |
| Villagers / military | 156 / 2 |
Focus
⚔️ 40.6% · 🌾 59.4%
Unknown (1952) ×135 · Archer ×2
Feudal
11:59
Castle
24:52
Imperial
42:41
| APM avg | 36.1 |
| APM peak | 73 |
| eAPM avg | 18.2 |
| Villagers / military | 182 / 222 |
Focus
⚔️ 31.2% · 🌾 68.8%
Skirmisher ×132 · Elephant Archer ×59 · Archer ×27 · Fishing Ship ×6 · Trebuchet (Packed) ×2 · Monk ×1
Feudal
12:10
Castle
15:47
Imperial
33:09
| APM avg | 54.1 |
| APM peak | 124 |
| eAPM avg | 24.4 |
| Villagers / military | 189 / 53 |
Focus
⚔️ 32.0% · 🌾 68.0%
Mangudai ×53
Match map
Initial resources + every placement click. Lines = walls · curves = elevation contours. ◆ gold · ⬟ stone · ● berries · ✦ relic · ◌ wall gap
Your base· Open — unwalled flank
Great Serbia's base· Open — unwalled flank
busy pushing deer's base· Open — 7t gap
FMG | ToNGa_UY's base· Open — unwalled flank
MrSpring84's base· Open — unwalled flank
FMG | Tano Stokes's base· Open — unwalled flank
lenko's base· Open — unwalled flank
FMG | Sawasha Takohida's base· Open — 8t gap
Smoothed initial terrain · ◌ = detected wall gap · hover for details
Inputs per minute
— FMG | GreatMaty - - Great Serbia
Build order — FMG | GreatMaty
First 150 of 680 actions detected
| 0:28 | Build | Town Center |
| 2:22 | Build | House |
| 2:45 | Create | Villager (Male) |
| 2:45 | Create | Villager (Male) |
| 2:45 | Create | Villager (Male) |
| 2:45 | Create | Villager (Male) |
| 2:46 | Create | Villager (Male) |
| 3:35 | Create | Villager (Male) |
| 3:39 | Build | House |
| 3:50 | Build | House |
| 4:09 | Build | Lumber Camp |
| 4:13 | Create | Villager (Male) |
| 4:14 | Create | Villager (Male) |
| 4:34 | Create | Villager (Male) |
| 4:34 | Create | Villager (Male) |
| 4:54 | Build | House |
| 4:59 | Create | Villager (Male) |
| 5:07 | Build | House |
| 5:25 | Create | Villager (Male) |
| 5:25 | Create | Villager (Male) |
| 5:41 | Create | Villager (Male) |
| 5:41 | Create | Villager (Male) |
| 6:04 | Build | House |
| 6:18 | Build | House |
| 6:35 | Create | Villager (Male) |
| 6:39 | Build | Mill |
| 6:55 | Create | Villager (Male) |
| 6:55 | Create | Villager (Male) |
| 7:10 | Create | Villager (Male) |
| 7:10 | Create | Villager (Male) |
| 7:34 | Create | Villager (Male) |
| 7:34 | Create | Villager (Male) |
| 7:34 | Create | Villager (Male) |
| 7:56 | Create | Villager (Male) |
| 7:56 | Create | Villager (Male) |
| 8:08 | Build | Barracks |
| 8:20 | Create | Villager (Male) |
| 8:20 | Create | Villager (Male) |
| 8:24 | Create | Villager (Male) |
| 8:29 | Create | Villager (Male) |
| 8:46 | Research | Loom |
| 8:51 | Build | House |
| 9:23 | Build | Mining Camp |
| 9:25 | Build | Palisade Wall |
| 9:25 | Build | Palisade Wall |
| 9:29 | Research | Feudal Age |
| 9:29 | Research | Feudal Age |
| 10:06 | Create | Militia |
| 10:07 | Create | Militia |
| 10:07 | Create | Militia |
| 10:07 | Create | Militia |
| 10:20 | Create | Militia |
| 10:20 | Create | Militia |
| 10:26 | Build | House |
| 11:09 | Create | Militia |
| 11:12 | Create | Villager (Male) |
| 11:39 | Age | Feudal Age |
| 11:45 | Research | Man-at-Arms (upgrade) |
| 11:46 | Research | Man-at-Arms (upgrade) |
| 11:50 | Create | Villager (Male) |
| 12:09 | Research | Arson |
| 12:09 | Research | Arson |
| 12:10 | Create | Villager (Male) |
| 12:15 | Build | Archery Range |
| 12:26 | Build | Watch Tower |
| 12:37 | Create | Militia |
| 12:46 | Build | Mining Camp |
| 12:53 | Create | Villager (Male) |
| 12:54 | Create | Villager (Male) |
| 13:14 | Create | Villager (Male) |
| 13:14 | Create | Villager (Male) |
| 13:17 | Build | House |
| 13:47 | Create | Archer |
| 13:47 | Create | Archer |
| 13:49 | Build | House |
| 13:59 | Create | Villager (Male) |
| 14:02 | Build | House |
| 14:07 | Build | Mill |
| 14:09 | Create | Villager (Male) |
| 14:21 | Create | Villager (Male) |
| 14:24 | Build | House |
| 14:25 | Build | House |
| 14:26 | Create | Archer |
| 14:26 | Create | Archer |
| 14:27 | Create | Archer |
| 14:44 | Research | Double-Bit Axe |
| 14:45 | Research | Double-Bit Axe |
| 14:59 | Create | Archer |
| 15:00 | Create | Archer |
| 15:04 | Create | Villager (Male) |
| 15:30 | Create | Villager (Male) |
| 15:32 | Create | Archer |
| 15:52 | Create | Villager (Male) |
| 15:59 | Build | Blacksmith |
| 16:07 | Create | Archer |
| 16:07 | Create | Archer |
| 16:31 | Create | Spearman |
| 16:32 | Create | Villager (Male) |
| 16:45 | Build | Palisade Wall |
| 16:47 | Build | Palisade Wall |
| 16:51 | Create | Spearman |
| 16:52 | Create | Villager (Male) |
| 16:53 | Create | Archer |
| 16:54 | Create | Archer |
| 17:04 | Research | Scale Mail Armor |
| 17:05 | Create | Villager (Male) |
| 17:14 | Create | Villager (Male) |
| 17:23 | Create | Archer |
| 17:23 | Create | Villager (Male) |
| 17:34 | Create | Spearman |
| 17:40 | Build | Watch Tower |
| 17:42 | Build | House |
| 17:42 | Build | House |
| 17:43 | Create | Villager (Male) |
| 17:58 | Create | Villager (Male) |
| 17:59 | Create | Spearman |
| 18:02 | Create | Archer |
| 18:03 | Create | Archer |
| 18:19 | Build | Farm |
| 18:20 | Build | Farm |
| 18:30 | Create | Archer |
| 18:31 | Create | Spearman |
| 18:32 | Create | Spearman |
| 18:53 | Create | Spearman |
| 18:54 | Create | Villager (Male) |
| 18:54 | Create | Villager (Male) |
| 19:08 | Build | House |
| 19:16 | Build | Farm |
| 19:17 | Build | Farm |
| 19:31 | Build | Palisade Wall |
| 19:34 | Build | House |
| 19:45 | Create | Archer |
| 20:11 | Build | House |
| 20:16 | Create | Spearman |
| 20:34 | Create | Villager (Male) |
| 20:57 | Build | Farm |
| 21:04 | Build | Palisade Wall |
| 21:05 | Create | Villager (Male) |
| 21:08 | Build | Farm |
| 21:29 | Create | Archer |
| 21:33 | Build | Archery Range |
| 21:44 | Create | Archer |
| 21:51 | Research | Castle Age |
| 21:51 | Research | Castle Age |
| 22:51 | Create | Villager (Male) |
| 22:56 | Build | Mill |
| 23:03 | Create | Archer |
| 23:12 | Create | Villager (Male) |
| 23:22 | Build | Watch Tower |
| 23:27 | Build | Watch Tower |
Build order — Great Serbia
First 150 of 600 actions detected
| 0:36 | Build | Town Center |
| 1:47 | Build | House |
| 3:03 | Create | Villager (Male) |
| 3:04 | Create | Villager (Male) |
| 3:04 | Create | Villager (Male) |
| 3:05 | Create | Villager (Male) |
| 3:05 | Create | Villager (Male) |
| 4:28 | Create | Villager (Male) |
| 4:28 | Create | Villager (Male) |
| 4:29 | Create | Villager (Male) |
| 4:44 | Create | Villager (Male) |
| 4:44 | Create | Villager (Male) |
| 5:13 | Create | Villager (Male) |
| 5:13 | Create | Villager (Male) |
| 5:18 | Build | House |
| 5:46 | Create | Villager (Male) |
| 5:50 | Create | Villager (Male) |
| 6:25 | Create | Villager (Male) |
| 6:53 | Create | Villager (Male) |
| 6:53 | Create | Villager (Male) |
| 7:16 | Create | Villager (Male) |
| 7:17 | Build | House |
| 7:21 | Build | Lumber Camp |
| 7:50 | Create | Villager (Male) |
| 8:03 | Create | Villager (Male) |
| 8:21 | Create | Villager (Male) |
| 9:15 | Build | Mill |
| 9:50 | Build | House |
| 9:54 | Research | Feudal Age |
| 10:55 | Build | Mining Camp |
| 12:05 | Create | Villager (Male) |
| 12:06 | Create | Villager (Male) |
| 12:19 | Age | Feudal Age |
| 12:38 | Build | Market |
| 12:40 | Build | Blacksmith |
| 13:03 | Create | Villager (Male) |
| 13:04 | Research | Loom |
| 13:45 | Research | Double-Bit Axe |
| 13:54 | Research | Castle Age |
| 15:10 | Build | House |
| 16:39 | Age | Castle Age |
| 16:44 | Build | Town Center |
| 16:48 | Research | Wheelbarrow |
| 16:55 | Build | Town Center |
| 17:02 | Research | Bow Saw |
| 17:39 | Create | Villager (Male) |
| 18:04 | Create | Villager (Male) |
| 18:04 | Create | Villager (Male) |
| 18:05 | Create | Villager (Male) |
| 18:06 | Create | Villager (Male) |
| 18:13 | Create | Villager (Male) |
| 18:15 | Create | Villager (Male) |
| 18:15 | Create | Villager (Male) |
| 18:37 | Create | Villager (Male) |
| 18:37 | Create | Villager (Male) |
| 18:45 | Build | Town Center |
| 18:55 | Create | Villager (Male) |
| 19:13 | Create | Villager (Male) |
| 19:14 | Create | Villager (Male) |
| 19:22 | Build | House |
| 19:23 | Build | House |
| 19:36 | Build | House |
| 19:39 | Create | Villager (Male) |
| 19:44 | Create | Villager (Male) |
| 20:05 | Create | Villager (Male) |
| 20:05 | Create | Villager (Male) |
| 20:06 | Create | Villager (Male) |
| 20:06 | Create | Villager (Male) |
| 20:09 | Create | Villager (Male) |
| 20:09 | Create | Villager (Male) |
| 20:10 | Create | Villager (Male) |
| 20:10 | Create | Villager (Male) |
| 20:30 | Create | Villager (Male) |
| 20:38 | Create | Villager (Male) |
| 20:39 | Build | House |
| 20:48 | Create | Villager (Male) |
| 21:00 | Build | Barracks |
| 21:03 | Create | Villager (Male) |
| 21:04 | Create | Villager (Male) |
| 21:04 | Create | Villager (Male) |
| 21:04 | Create | Villager (Male) |
| 21:04 | Create | Villager (Male) |
| 21:05 | Create | Villager (Male) |
| 21:26 | Create | Villager (Male) |
| 21:35 | Create | Villager (Male) |
| 21:37 | Research | Gold Mining |
| 21:40 | Build | Mining Camp |
| 21:43 | Create | Villager (Male) |
| 21:56 | Create | Villager (Male) |
| 21:56 | Create | Villager (Male) |
| 21:56 | Create | Villager (Male) |
| 21:56 | Create | Villager (Male) |
| 21:57 | Create | Villager (Male) |
| 22:02 | Create | Villager (Male) |
| 22:03 | Create | Villager (Male) |
| 22:03 | Create | Villager (Male) |
| 22:18 | Build | Stable |
| 22:36 | Build | Stable |
| 22:45 | Research | Town Watch |
| 22:59 | Research | Hand Cart |
| 23:10 | Create | Villager (Male) |
| 23:19 | Create | Villager (Male) |
| 23:34 | Research | Scale Barding Armor |
| 23:36 | Research | Husbandry |
| 23:38 | Build | Stable |
| 23:44 | Create | Villager (Male) |
| 23:45 | Create | Villager (Male) |
| 23:45 | Create | Villager (Male) |
| 23:45 | Create | Villager (Male) |
| 23:46 | Create | Villager (Male) |
| 23:46 | Create | Villager (Male) |
| 24:08 | Build | House |
| 24:16 | Create | Camel Scout |
| 24:18 | Create | Steppe Lancer |
| 24:19 | Research | Forging |
| 24:22 | Build | House |
| 24:35 | Create | Camel Scout |
| 24:36 | Create | Steppe Lancer |
| 24:39 | Create | Villager (Male) |
| 24:40 | Create | Villager (Male) |
| 24:48 | Build | Stable |
| 25:02 | Create | Steppe Lancer |
| 25:43 | Create | Camel Scout |
| 25:44 | Create | Steppe Lancer |
| 25:44 | Create | Camel Scout |
| 25:54 | Build | House |
| 25:57 | Create | Villager (Male) |
| 25:59 | Build | Mining Camp |
| 26:00 | Build | House |
| 26:01 | Build | House |
| 26:24 | Research | Gold Shaft Mining |
| 26:27 | Research | Horse Collar |
| 26:37 | Build | Stable |
| 26:38 | Build | Stable |
| 26:46 | Build | House |
| 26:57 | Build | Mill |
| 27:00 | Create | Villager (Male) |
| 27:08 | Research | Heavy Plow |
| 27:18 | Create | Villager (Male) |
| 27:30 | Create | Villager (Male) |
| 27:31 | Create | Villager (Male) |
| 27:36 | Build | Farm |
| 27:37 | Build | Farm |
| 27:43 | Build | Farm |
| 27:54 | Build | Farm |
| 27:55 | Build | Farm |
| 27:55 | Build | Farm |
| 27:55 | Build | Farm |
| 27:56 | Build | Farm |
| 27:56 | Build | Farm |
Build order — busy pushing deer
First 150 of 429 actions detected
| 0:23 | Build | Town Center |
| 1:59 | Build | House |
| 2:41 | Create | Villager (Male) |
| 2:41 | Create | Villager (Male) |
| 2:41 | Create | Villager (Male) |
| 2:41 | Create | Villager (Male) |
| 2:42 | Create | Villager (Male) |
| 3:31 | Create | Villager (Male) |
| 3:53 | Build | House |
| 4:01 | Build | Settlement |
| 4:07 | Build | House |
| 4:15 | Create | Villager (Male) |
| 4:18 | Build | House |
| 4:27 | Build | House |
| 5:14 | Create | Villager (Male) |
| 5:15 | Create | Villager (Male) |
| 5:33 | Create | Villager (Male) |
| 5:33 | Create | Villager (Male) |
| 5:48 | Create | Villager (Male) |
| 5:49 | Create | Villager (Male) |
| 5:51 | Build | Dock |
| 6:18 | Build | House |
| 6:35 | Create | Villager (Male) |
| 6:36 | Create | Villager (Male) |
| 6:54 | Create | Fishing Ship |
| 7:18 | Create | Villager (Male) |
| 7:18 | Create | Villager (Male) |
| 7:38 | Create | Fishing Ship |
| 7:56 | Create | Villager (Male) |
| 7:56 | Create | Villager (Male) |
| 8:08 | Create | Villager (Male) |
| 8:08 | Create | Villager (Male) |
| 8:20 | Create | Villager (Male) |
| 8:20 | Create | Villager (Male) |
| 8:28 | Build | House |
| 8:30 | Build | Palisade Wall |
| 8:39 | Create | Villager (Male) |
| 8:54 | Build | House |
| 9:01 | Create | Fishing Ship |
| 9:08 | Build | House |
| 9:17 | Build | House |
| 9:21 | Create | Villager (Male) |
| 9:40 | Build | House |
| 9:43 | Build | Palisade Wall |
| 9:47 | Create | Villager (Male) |
| 9:49 | Create | Fishing Ship |
| 10:05 | Create | Villager (Male) |
| 10:05 | Create | Villager (Male) |
| 10:06 | Create | Villager (Male) |
| 10:14 | Build | House |
| 10:20 | Build | House |
| 10:30 | Create | Villager (Male) |
| 10:36 | Create | Fishing Ship |
| 10:45 | Build | Settlement |
| 11:03 | Create | Villager (Male) |
| 11:07 | Build | Palisade Gate |
| 11:12 | Create | Fishing Ship |
| 11:23 | Create | Villager (Male) |
| 11:45 | Research | Loom |
| 11:51 | Build | House |
| 11:55 | Build | Palisade Wall |
| 12:05 | Build | House |
| 12:07 | Build | House |
| 12:37 | Build | House |
| 12:38 | Build | Palisade Wall |
| 12:48 | Research | Feudal Age |
| 13:03 | Build | House |
| 13:05 | Build | House |
| 14:02 | Build | Settlement |
| 14:58 | Age | Feudal Age |
| 15:17 | Create | Villager (Male) |
| 15:39 | Create | Villager (Male) |
| 16:02 | Create | Villager (Male) |
| 16:34 | Build | Settlement |
| 16:51 | Research | Wheelbarrow |
| 16:52 | Research | Town Watch |
| 17:20 | Build | House |
| 17:30 | Build | Settlement |
| 17:48 | Create | Villager (Male) |
| 18:08 | Build | Settlement |
| 18:11 | Create | Villager (Male) |
| 18:16 | Build | Fish Trap |
| 18:19 | Build | Fish Trap |
| 18:23 | Research | Double-Bit Axe |
| 18:52 | Create | Villager (Male) |
| 19:02 | Build | Fish Trap |
| 19:05 | Build | Farm |
| 19:06 | Create | Villager (Male) |
| 19:16 | Build | Fish Trap |
| 19:18 | Create | Villager (Male) |
| 19:29 | Build | Blacksmith |
| 19:44 | Build | Farm |
| 19:45 | Create | Villager (Male) |
| 20:17 | Create | Villager (Male) |
| 20:21 | Build | Market |
| 20:29 | Create | Villager (Male) |
| 20:37 | Build | Fish Trap |
| 21:04 | Build | Watch Tower |
| 21:13 | Build | Watch Tower |
| 21:17 | Research | Castle Age |
| 21:28 | Build | Settlement |
| 22:08 | Build | House |
| 22:36 | Research | Stone Mining |
| 23:00 | Research | Gold Mining |
| 23:29 | Build | Fish Trap |
| 24:00 | Create | Villager (Male) |
| 24:06 | Age | Castle Age |
| 24:22 | Build | Castle |
| 24:34 | Create | Villager (Male) |
| 24:50 | Build | Siege Workshop |
| 25:20 | Create | Villager (Male) |
| 25:38 | Create | Villager (Male) |
| 25:44 | Create | Battering Ram |
| 25:59 | Build | Farm |
| 26:06 | Create | Fishing Ship |
| 26:09 | Create | Unit 2562 |
| 26:23 | Create | Villager (Male) |
| 26:41 | Build | Town Center |
| 27:02 | Create | Villager (Male) |
| 27:08 | Create | Unit 2562 |
| 27:25 | Create | Villager (Male) |
| 27:39 | Create | Unit 2562 |
| 27:43 | Build | Fish Trap |
| 27:47 | Create | Villager (Male) |
| 27:57 | Research | Bow Saw |
| 27:57 | Research | Bow Saw |
| 28:00 | Create | Villager (Male) |
| 28:11 | Create | Unit 2562 |
| 28:11 | Create | Unit 2562 |
| 28:15 | Create | Villager (Male) |
| 28:17 | Create | Villager (Male) |
| 28:37 | Create | Villager (Male) |
| 28:37 | Create | Villager (Male) |
| 28:43 | Create | Battering Ram |
| 29:14 | Create | Villager (Male) |
| 29:16 | Create | Unit 2562 |
| 29:16 | Create | Unit 2562 |
| 29:21 | Create | Unit 2562 |
| 29:27 | Build | Farm |
| 29:29 | Build | Farm |
| 29:34 | Create | Unit 2562 |
| 29:34 | Create | Unit 2562 |
| 29:37 | Create | Villager (Male) |
| 30:03 | Create | Unit 2562 |
| 30:03 | Create | Unit 2562 |
| 30:34 | Create | Unit 2562 |
| 30:38 | Create | Villager (Male) |
| 30:38 | Create | Villager (Male) |
| 30:46 | Build | University |
| 30:55 | Create | Villager (Male) |
Build order — FMG | ToNGa_UY
First 150 of 542 actions detected
| 0:10 | Build | Town Center |
| 2:24 | Create | Villager (Male) |
| 2:25 | Create | Villager (Male) |
| 2:25 | Create | Villager (Male) |
| 2:39 | Create | Villager (Male) |
| 2:40 | Create | Villager (Male) |
| 3:15 | Create | Villager (Male) |
| 3:15 | Create | Villager (Male) |
| 3:54 | Create | Villager (Male) |
| 3:54 | Create | Villager (Male) |
| 4:13 | Create | Villager (Male) |
| 4:13 | Create | Villager (Male) |
| 4:53 | Create | Villager (Male) |
| 4:54 | Create | Villager (Male) |
| 5:27 | Create | Villager (Male) |
| 5:27 | Create | Villager (Male) |
| 5:42 | Build | Mill |
| 5:55 | Create | Villager (Male) |
| 5:55 | Create | Villager (Male) |
| 6:42 | Create | Villager (Male) |
| 6:42 | Create | Villager (Male) |
| 6:52 | Create | Villager (Male) |
| 6:52 | Create | Villager (Male) |
| 7:11 | Create | Villager (Male) |
| 7:11 | Create | Villager (Male) |
| 8:10 | Create | Villager (Male) |
| 8:10 | Create | Villager (Male) |
| 8:11 | Create | Villager (Male) |
| 8:52 | Create | Villager (Male) |
| 8:52 | Create | Villager (Male) |
| 8:53 | Create | Villager (Male) |
| 8:53 | Create | Villager (Male) |
| 8:53 | Create | Villager (Male) |
| 8:54 | Create | Villager (Male) |
| 8:54 | Create | Villager (Male) |
| 9:09 | Create | Villager (Male) |
| 9:09 | Create | Villager (Male) |
| 9:09 | Create | Villager (Male) |
| 9:13 | Build | Mill |
| 9:49 | Build | Lumber Camp |
| 10:57 | Build | Mining Camp |
| 11:19 | Create | Villager (Male) |
| 11:22 | Research | Feudal Age |
| 11:46 | Create | Villager (Male) |
| 11:46 | Create | Villager (Male) |
| 11:46 | Create | Villager (Male) |
| 13:11 | Build | Barracks |
| 13:33 | Research | Loom |
| 13:33 | Create | Villager (Male) |
| 13:37 | Create | Villager (Male) |
| 14:10 | Age | Feudal Age |
| 14:17 | Build | Archery Range |
| 14:22 | Build | Blacksmith |
| 14:41 | Research | Double-Bit Axe |
| 15:13 | Research | Castle Age |
| 15:22 | Research | Gold Mining |
| 15:25 | Research | Fletching |
| 15:31 | Build | Archery Range |
| 15:52 | Research | Gold Mining |
| 15:52 | Research | Gold Mining |
| 16:24 | Build | Palisade Wall |
| 16:25 | Build | Palisade Wall |
| 16:28 | Build | Palisade Wall |
| 16:29 | Build | Palisade Wall |
| 16:30 | Build | Palisade Wall |
| 16:32 | Build | Palisade Wall |
| 16:39 | Build | Palisade Wall |
| 16:58 | Build | Palisade Wall |
| 17:00 | Build | Palisade Wall |
| 18:05 | Age | Castle Age |
| 18:06 | Create | Cavalry Archer |
| 18:06 | Create | Cavalry Archer |
| 18:07 | Create | Villager (Male) |
| 18:07 | Create | Villager (Male) |
| 18:14 | Build | Town Center |
| 18:23 | Research | Bodkin Arrow |
| 18:24 | Research | Bow Saw |
| 18:26 | Create | Villager (Male) |
| 18:56 | Create | Cavalry Archer |
| 18:56 | Create | Cavalry Archer |
| 18:56 | Create | Cavalry Archer |
| 19:16 | Create | Villager (Male) |
| 19:16 | Create | Villager (Male) |
| 19:16 | Create | Villager (Male) |
| 19:31 | Create | Cavalry Archer |
| 19:52 | Create | Villager (Male) |
| 19:58 | Create | Cavalry Archer |
| 19:58 | Create | Cavalry Archer |
| 20:11 | Create | Villager (Male) |
| 20:24 | Create | Villager (Male) |
| 20:24 | Create | Villager (Male) |
| 20:46 | Create | Villager (Male) |
| 20:46 | Create | Villager (Male) |
| 20:49 | Create | Cavalry Archer |
| 20:49 | Create | Cavalry Archer |
| 20:49 | Create | Cavalry Archer |
| 20:50 | Create | Cavalry Archer |
| 20:50 | Create | Cavalry Archer |
| 21:01 | Create | Villager (Male) |
| 21:01 | Create | Villager (Male) |
| 21:01 | Create | Villager (Male) |
| 21:03 | Build | Market |
| 21:28 | Create | Cavalry Archer |
| 21:28 | Create | Cavalry Archer |
| 21:28 | Create | Cavalry Archer |
| 21:30 | Create | Villager (Male) |
| 21:30 | Create | Villager (Male) |
| 21:30 | Create | Villager (Male) |
| 21:58 | Build | Town Center |
| 22:00 | Create | Cavalry Archer |
| 22:17 | Build | Farm |
| 22:19 | Build | Farm |
| 22:25 | Create | Cavalry Archer |
| 22:25 | Create | Cavalry Archer |
| 22:25 | Create | Cavalry Archer |
| 22:34 | Create | Cavalry Archer |
| 22:35 | Create | Cavalry Archer |
| 22:56 | Build | Archery Range |
| 23:06 | Create | Villager (Male) |
| 23:07 | Create | Villager (Male) |
| 23:07 | Create | Villager (Male) |
| 23:07 | Create | Villager (Male) |
| 23:07 | Create | Villager (Male) |
| 23:18 | Create | Cavalry Archer |
| 23:18 | Create | Cavalry Archer |
| 23:18 | Create | Cavalry Archer |
| 23:26 | Build | Farm |
| 23:29 | Create | Cavalry Archer |
| 23:33 | Create | Villager (Male) |
| 23:33 | Create | Villager (Male) |
| 23:44 | Create | Cavalry Archer |
| 23:44 | Create | Cavalry Archer |
| 23:45 | Create | Villager (Male) |
| 23:45 | Create | Villager (Male) |
| 23:45 | Create | Villager (Male) |
| 24:11 | Create | Villager (Male) |
| 24:11 | Create | Villager (Male) |
| 24:11 | Create | Villager (Male) |
| 24:12 | Create | Cavalry Archer |
| 24:12 | Create | Cavalry Archer |
| 24:13 | Create | Cavalry Archer |
| 24:15 | Create | Villager (Male) |
| 24:15 | Create | Villager (Male) |
| 24:22 | Create | Villager (Male) |
| 24:23 | Create | Villager (Male) |
| 24:24 | Build | Farm |
| 24:25 | Build | Farm |
| 24:34 | Create | Villager (Male) |
| 24:34 | Create | Villager (Male) |
| 24:44 | Build | Palisade Wall |
Build order — MrSpring84
First 150 of 546 actions detected
| 0:08 | Build | Town Center |
| 1:04 | Build | House |
| 1:50 | Build | House |
| 2:05 | Build | House |
| 2:23 | Build | House |
| 2:26 | Create | Villager (Male) |
| 2:26 | Create | Villager (Male) |
| 2:26 | Create | Villager (Male) |
| 2:27 | Create | Villager (Male) |
| 2:32 | Build | House |
| 2:40 | Build | House |
| 2:54 | Build | House |
| 3:03 | Create | Villager (Male) |
| 3:03 | Create | Villager (Male) |
| 3:08 | Build | House |
| 3:15 | Build | House |
| 3:26 | Create | Villager (Male) |
| 3:26 | Create | Villager (Male) |
| 3:42 | Build | House |
| 4:09 | Create | Villager (Male) |
| 4:25 | Create | Villager (Male) |
| 5:10 | Build | Lumber Camp |
| 5:17 | Create | Villager (Male) |
| 5:17 | Create | Villager (Male) |
| 5:18 | Create | Villager (Male) |
| 5:37 | Create | Villager (Male) |
| 5:38 | Create | Villager (Male) |
| 5:53 | Create | Villager (Male) |
| 6:11 | Create | Villager (Male) |
| 6:12 | Create | Villager (Male) |
| 6:31 | Build | House |
| 6:46 | Build | House |
| 7:03 | Build | House |
| 7:19 | Build | House |
| 8:00 | Build | House |
| 8:03 | Create | Villager (Male) |
| 8:13 | Build | Mill |
| 8:22 | Build | House |
| 8:36 | Build | House |
| 8:44 | Create | Villager (Male) |
| 8:44 | Create | Villager (Male) |
| 8:47 | Build | House |
| 9:33 | Create | Villager (Male) |
| 9:45 | Research | Feudal Age |
| 10:19 | Build | House |
| 10:34 | Build | House |
| 10:46 | Build | Barracks |
| 10:48 | Build | House |
| 10:51 | Build | House |
| 12:01 | Age | Feudal Age |
| 12:02 | Create | Villager (Male) |
| 12:05 | Build | Stable |
| 12:18 | Build | Stable |
| 12:25 | Create | Villager (Male) |
| 12:28 | Create | Villager (Male) |
| 12:37 | Research | Double-Bit Axe |
| 12:37 | Research | Double-Bit Axe |
| 12:55 | Create | Villager (Male) |
| 12:59 | Build | House |
| 13:01 | Create | Scout Cavalry |
| 13:01 | Create | Scout Cavalry |
| 13:03 | Create | Scout Cavalry ×5 |
| 13:09 | Build | House |
| 13:26 | Research | Horse Collar |
| 13:26 | Research | Horse Collar |
| 13:27 | Create | Villager (Male) |
| 13:29 | Create | Villager (Male) |
| 13:50 | Build | Palisade Wall |
| 13:52 | Create | Villager (Male) |
| 14:07 | Build | Blacksmith |
| 14:22 | Create | Villager (Male) |
| 14:31 | Build | Farm |
| 14:40 | Research | Town Watch |
| 14:44 | Create | Scout Cavalry |
| 14:44 | Create | Scout Cavalry |
| 14:45 | Create | Villager (Male) |
| 14:52 | Build | Mining Camp |
| 15:18 | Research | Bloodlines |
| 15:18 | Research | Bloodlines |
| 15:18 | Create | Scout Cavalry ×3 |
| 15:34 | Create | Villager (Male) |
| 15:40 | Build | Mill |
| 15:45 | Build | Palisade Wall |
| 15:48 | Build | House |
| 15:52 | Build | Palisade Wall |
| 16:00 | Create | Villager (Male) |
| 16:05 | Research | Wheelbarrow |
| 16:05 | Research | Wheelbarrow |
| 16:18 | Build | Farm |
| 16:19 | Build | Farm |
| 16:26 | Research | Scale Barding Armor |
| 16:26 | Research | Scale Barding Armor |
| 16:35 | Create | Villager (Male) |
| 16:38 | Build | Farm |
| 16:40 | Build | Farm |
| 16:45 | Create | Scout Cavalry |
| 17:34 | Research | Forging |
| 17:34 | Research | Forging |
| 17:39 | Build | Farm |
| 17:42 | Build | Farm |
| 17:42 | Build | Farm |
| 17:42 | Build | Farm |
| 17:43 | Create | Villager (Male) |
| 17:50 | Research | Loom |
| 18:07 | Create | Villager (Male) |
| 18:16 | Build | House |
| 18:18 | Build | House |
| 18:35 | Create | Villager (Male) |
| 19:07 | Create | Villager (Male) |
| 19:16 | Build | Farm |
| 19:17 | Build | Farm |
| 19:17 | Build | Farm |
| 19:17 | Build | Farm |
| 19:38 | Create | Villager (Male) |
| 19:42 | Create | Villager (Male) |
| 19:49 | Build | Farm |
| 19:57 | Build | Stable |
| 20:25 | Create | Villager (Male) |
| 20:28 | Research | Castle Age |
| 20:38 | Create | Scout Cavalry |
| 20:41 | Create | Villager (Male) |
| 20:46 | Build | Lumber Camp |
| 21:06 | Create | Scout Cavalry ×2 |
| 21:09 | Build | Farm |
| 21:18 | Build | Mill |
| 21:23 | Create | Scout Cavalry ×2 |
| 21:23 | Create | Scout Cavalry ×2 |
| 21:29 | Build | House |
| 21:29 | Build | House |
| 21:39 | Create | Scout Cavalry |
| 21:47 | Create | Scout Cavalry |
| 22:04 | Create | Scout Cavalry |
| 22:32 | Create | Villager (Male) |
| 22:35 | Create | Scout Cavalry ×2 |
| 22:50 | Create | Scout Cavalry ×3 |
| 22:54 | Age | Castle Age |
| 23:04 | Research | Chain Barding Armor |
| 23:05 | Research | Chain Barding Armor |
| 23:21 | Research | Light Cavalry (upgrade) |
| 23:21 | Research | Light Cavalry (upgrade) |
| 23:35 | Create | Villager (Male) |
| 23:39 | Research | Husbandry |
| 23:39 | Research | Husbandry |
| 23:49 | Create | Villager (Male) |
| 23:51 | Create | Villager (Male) |
| 23:55 | Build | Town Center |
| 24:07 | Build | Town Center |
| 24:13 | Create | Scout Cavalry |
| 24:24 | Create | Villager (Male) |
| 24:25 | Create | Scout Cavalry |
Build order — FMG | Tano Stokes
First 150 of 443 actions detected
| 0:40 | Build | Town Center |
| 2:15 | Build | House |
| 2:35 | Build | House |
| 2:45 | Create | Villager (Male) |
| 2:45 | Create | Villager (Male) |
| 3:08 | Create | Villager (Male) |
| 3:09 | Create | Villager (Male) |
| 4:03 | Create | Villager (Male) |
| 4:15 | Build | House |
| 4:23 | Create | Villager (Male) |
| 4:24 | Create | Villager (Male) |
| 4:32 | Build | House |
| 4:43 | Create | Villager (Male) |
| 4:45 | Build | Lumber Camp |
| 5:24 | Create | Villager (Male) |
| 5:24 | Create | Villager (Male) |
| 5:25 | Create | Villager (Male) |
| 6:00 | Create | Villager (Male) |
| 6:00 | Create | Villager (Male) |
| 6:00 | Create | Villager (Male) |
| 7:00 | Build | House |
| 7:03 | Build | House |
| 7:22 | Create | Villager (Male) |
| 7:22 | Create | Villager (Male) |
| 7:27 | Create | Villager (Male) |
| 7:27 | Create | Villager (Male) |
| 7:28 | Create | Villager (Male) |
| 7:37 | Create | Villager (Male) |
| 7:37 | Create | Villager (Male) |
| 7:57 | Create | Villager (Male) |
| 7:57 | Create | Villager (Male) |
| 7:59 | Create | Villager (Male) |
| 8:10 | Create | Villager (Male) |
| 8:10 | Create | Villager (Male) |
| 8:17 | Build | House |
| 8:31 | Build | House |
| 8:46 | Build | House |
| 8:52 | Create | Villager (Male) |
| 8:52 | Create | Villager (Male) |
| 9:37 | Build | Mill |
| 9:56 | Build | Mining Camp |
| 10:52 | Research | Feudal Age |
| 11:15 | Create | Villager (Male) |
| 11:15 | Create | Villager (Male) |
| 11:27 | Build | Palisade Wall |
| 11:28 | Build | Palisade Wall |
| 11:29 | Build | Palisade Wall |
| 11:29 | Build | Palisade Wall |
| 11:30 | Build | Palisade Wall |
| 11:30 | Build | Palisade Wall |
| 11:31 | Build | Palisade Wall |
| 11:31 | Build | Palisade Wall |
| 11:57 | Build | House |
| 12:08 | Build | House |
| 13:17 | Age | Feudal Age |
| 13:26 | Build | Market |
| 13:30 | Build | Blacksmith |
| 13:31 | Research | Loom |
| 14:20 | Research | Castle Age |
| 14:20 | Research | Castle Age |
| 14:27 | Build | Barracks |
| 14:46 | Research | Double-Bit Axe |
| 14:56 | Research | Gold Mining |
| 15:18 | Build | House |
| 15:35 | Build | Palisade Gate |
| 16:25 | Build | House |
| 16:27 | Build | House |
| 16:39 | Build | Palisade Gate |
| 16:48 | Research | Town Watch |
| 17:12 | Age | Castle Age |
| 17:20 | Build | Archery Range |
| 17:21 | Research | Fletching |
| 17:21 | Research | Padded Archer Armor |
| 17:30 | Create | Villager (Male) |
| 17:30 | Create | Villager (Male) |
| 17:38 | Research | Bow Saw |
| 18:38 | Create | Unit 1952 |
| 18:38 | Create | Unit 1952 |
| 19:08 | Create | Archer |
| 19:09 | Create | Villager (Male) |
| 19:17 | Research | Bodkin Arrow |
| 19:20 | Create | Unit 1952 |
| 19:30 | Build | House |
| 19:35 | Create | Villager (Male) |
| 19:35 | Create | Villager (Male) |
| 19:54 | Create | Unit 1952 |
| 19:58 | Create | Villager (Male) |
| 20:14 | Build | University |
| 20:23 | Build | House |
| 20:26 | Create | Villager (Male) |
| 20:28 | Create | Unit 1952 |
| 20:39 | Build | Stable |
| 20:50 | Create | Unit 1952 |
| 20:51 | Create | Villager (Male) |
| 21:09 | Create | Villager (Male) |
| 21:09 | Create | Villager (Male) |
| 21:48 | Create | Unit 1952 |
| 21:48 | Create | Villager (Male) |
| 21:49 | Create | Villager (Male) |
| 22:16 | Create | Unit 1952 |
| 22:37 | Create | Villager (Male) |
| 22:42 | Create | Unit 1952 |
| 23:00 | Create | Villager (Male) |
| 23:12 | Create | Unit 1952 |
| 23:21 | Create | Villager (Male) |
| 23:26 | Create | Unit 1952 |
| 24:08 | Create | Archer |
| 24:42 | Create | Unit 1952 |
| 24:45 | Research | Bloodlines |
| 24:55 | Create | Unit 1952 |
| 24:56 | Create | Unit 1952 |
| 25:05 | Create | Villager (Male) |
| 25:11 | Build | Farm |
| 25:11 | Build | Farm |
| 25:12 | Build | Farm |
| 25:12 | Build | Farm |
| 25:12 | Build | Farm |
| 25:25 | Create | Villager (Male) |
| 26:24 | Build | Town Center |
| 26:26 | Build | Farm |
| 26:26 | Build | Farm |
| 26:27 | Build | Farm |
| 26:28 | Create | Villager (Male) |
| 26:28 | Create | Villager (Male) |
| 26:50 | Build | House |
| 26:51 | Build | House |
| 26:53 | Build | House |
| 27:35 | Create | Villager (Male) |
| 27:35 | Create | Villager (Male) |
| 27:36 | Create | Unit 1952 |
| 27:36 | Create | Unit 1952 |
| 28:24 | Create | Villager (Male) |
| 28:25 | Create | Unit 1952 |
| 29:01 | Create | Villager (Male) |
| 29:03 | Create | Villager (Male) |
| 29:04 | Create | Villager (Male) |
| 29:06 | Create | Villager (Male) |
| 29:06 | Create | Villager (Male) |
| 29:06 | Create | Villager (Male) |
| 29:13 | Create | Unit 1952 |
| 29:13 | Create | Unit 1952 |
| 29:51 | Create | Villager (Male) |
| 29:53 | Create | Villager (Male) |
| 29:53 | Create | Villager (Male) |
| 30:09 | Build | Market |
| 30:18 | Research | Horse Collar |
| 30:26 | Build | Archery Range |
| 30:27 | Build | Archery Range |
| 30:34 | Create | Villager (Male) |
| 30:34 | Create | Villager (Male) |
Build order — lenko
First 150 of 401 actions detected
| 0:13 | Build | Town Center |
| 0:39 | Build | Mill |
| 2:40 | Create | Villager (Male) ×4 |
| 2:40 | Create | Villager (Male) ×4 |
| 3:13 | Build | House |
| 3:21 | Create | Villager (Male) |
| 4:12 | Create | Villager (Male) |
| 4:52 | Create | Villager (Male) |
| 5:04 | Build | Lumber Camp |
| 5:09 | Research | Loom |
| 5:36 | Create | Villager (Male) |
| 6:06 | Build | House |
| 6:14 | Create | Villager (Male) |
| 6:45 | Create | Villager (Male) ×3 |
| 6:58 | Build | House |
| 6:59 | Build | House |
| 7:19 | Create | Villager (Male) |
| 7:19 | Create | Villager (Male) |
| 7:43 | Build | House |
| 7:47 | Build | Palisade Wall |
| 8:03 | Create | Villager (Male) |
| 8:52 | Create | Villager (Male) |
| 9:47 | Research | Feudal Age |
| 10:17 | Build | Barracks |
| 11:13 | Create | Villager (Male) |
| 11:47 | Build | Mining Camp |
| 11:58 | Create | Villager (Male) |
| 11:59 | Age | Feudal Age |
| 12:01 | Build | Archery Range |
| 12:03 | Create | Spearman |
| 12:11 | Research | Double-Bit Axe |
| 12:14 | Create | Villager (Male) |
| 12:14 | Create | Villager (Male) |
| 12:43 | Build | Archery Range |
| 12:46 | Create | Villager (Male) |
| 12:46 | Create | Villager (Male) |
| 12:52 | Build | Palisade Wall |
| 12:53 | Build | Palisade Wall |
| 12:56 | Build | Palisade Wall |
| 13:01 | Create | Archer |
| 13:18 | Create | Archer |
| 13:33 | Create | Archer |
| 13:39 | Build | Dock |
| 13:44 | Create | Archer |
| 13:58 | Create | Villager (Male) |
| 14:07 | Build | Palisade Wall |
| 14:09 | Build | House |
| 14:19 | Create | Villager (Male) |
| 14:20 | Create | Fishing Ship |
| 14:21 | Create | Fishing Ship |
| 14:26 | Create | Archer |
| 14:46 | Create | Villager (Male) |
| 14:46 | Create | Villager (Male) |
| 15:00 | Build | Blacksmith |
| 15:03 | Build | Palisade Wall |
| 15:05 | Build | House |
| 15:07 | Create | Archer |
| 15:07 | Create | Archer |
| 15:16 | Create | Villager (Male) |
| 15:19 | Create | Fishing Ship |
| 15:26 | Create | Archer |
| 15:40 | Build | House |
| 15:44 | Research | Town Watch |
| 15:44 | Create | Villager (Male) |
| 15:52 | Create | Archer |
| 15:53 | Create | Archer |
| 16:30 | Build | House |
| 16:31 | Build | House |
| 16:32 | Build | House |
| 16:35 | Research | Fletching |
| 16:38 | Create | Archer |
| 16:38 | Create | Archer |
| 16:39 | Create | Archer |
| 16:52 | Create | Archer |
| 16:52 | Create | Archer |
| 16:56 | Create | Villager (Male) |
| 16:57 | Create | Villager (Male) |
| 16:58 | Create | Fishing Ship |
| 16:59 | Create | Fishing Ship |
| 17:35 | Create | Villager (Male) |
| 17:35 | Create | Villager (Male) |
| 17:36 | Create | Archer |
| 17:37 | Create | Archer |
| 17:41 | Create | Villager (Male) |
| 17:41 | Create | Villager (Male) |
| 17:44 | Build | House |
| 17:48 | Build | Palisade Wall |
| 17:55 | Create | Villager (Male) |
| 17:55 | Create | Villager (Male) |
| 18:02 | Build | Market |
| 18:09 | Build | House |
| 18:10 | Build | House |
| 18:22 | Create | Archer |
| 18:22 | Create | Archer |
| 18:45 | Create | Villager (Male) |
| 18:45 | Create | Villager (Male) |
| 18:52 | Create | Villager (Male) |
| 18:53 | Create | Villager (Male) |
| 18:55 | Build | House |
| 18:56 | Build | House |
| 19:34 | Build | House |
| 19:36 | Build | House |
| 19:37 | Build | House |
| 19:46 | Create | Villager (Male) ×4 |
| 19:48 | Build | Farm |
| 19:50 | Build | Farm |
| 19:51 | Build | Farm |
| 20:01 | Build | Farm |
| 20:02 | Build | Farm |
| 20:14 | Build | House |
| 20:21 | Create | Archer |
| 20:21 | Create | Archer |
| 20:31 | Build | Mill |
| 21:07 | Build | Farm |
| 21:44 | Create | Archer |
| 21:44 | Create | Archer |
| 21:47 | Create | Villager (Male) |
| 22:07 | Build | Palisade Gate |
| 22:12 | Research | Castle Age |
| 22:12 | Research | Castle Age |
| 22:15 | Build | Fish Trap |
| 22:16 | Create | Fishing Ship |
| 22:55 | Create | Archer |
| 22:55 | Create | Archer |
| 22:57 | Research | Padded Archer Armor |
| 22:58 | Research | Padded Archer Armor |
| 23:00 | Create | Villager (Male) |
| 23:00 | Create | Villager (Male) |
| 23:07 | Build | Lumber Camp |
| 23:35 | Build | Fish Trap |
| 23:47 | Build | House |
| 24:16 | Build | Market |
| 24:18 | Build | House |
| 24:22 | Build | House |
| 24:32 | Build | Lumber Camp |
| 24:52 | Age | Castle Age |
| 24:58 | Research | Crossbowman (upgrade) |
| 25:01 | Research | Bodkin Arrow |
| 25:01 | Research | Bodkin Arrow |
| 25:04 | Create | Villager (Male) |
| 25:11 | Build | Town Center |
| 25:23 | Create | Villager (Male) |
| 25:31 | Research | Leather Archer Armor |
| 25:38 | Create | Villager (Male) |
| 25:42 | Build | Fish Trap |
| 25:59 | Build | Fish Trap |
| 26:22 | Create | Villager (Male) ×4 |
| 26:27 | Build | Fish Trap |
| 26:28 | Build | Fish Trap |
| 26:44 | Build | House |
Build order — FMG | Sawasha Takohida
First 150 of 440 actions detected
| 0:11 | Build | Town Center |
| 2:27 | Create | Villager (Male) |
| 2:27 | Create | Villager (Male) |
| 2:27 | Create | Villager (Male) |
| 2:27 | Create | Villager (Male) |
| 2:27 | Create | Villager (Male) |
| 2:28 | Build | House |
| 3:17 | Build | House |
| 3:28 | Build | House |
| 3:44 | Build | House |
| 3:48 | Create | Villager (Male) |
| 3:48 | Create | Villager (Male) |
| 4:09 | Create | Villager (Male) |
| 4:09 | Create | Villager (Male) |
| 4:17 | Build | House |
| 4:42 | Build | Lumber Camp |
| 4:59 | Create | Villager (Male) |
| 5:00 | Create | Villager (Male) |
| 5:00 | Create | Villager (Male) |
| 5:03 | Create | Villager (Male) |
| 5:04 | Create | Villager (Male) |
| 5:11 | Build | House |
| 5:38 | Create | Villager (Male) |
| 6:00 | Create | Villager (Male) |
| 6:01 | Create | Villager (Male) |
| 6:01 | Create | Villager (Male) |
| 6:43 | Build | House |
| 6:52 | Build | House |
| 6:56 | Create | Villager (Male) |
| 6:56 | Create | Villager (Male) |
| 6:57 | Create | Villager (Male) |
| 6:57 | Create | Villager (Male) |
| 7:15 | Build | House |
| 7:29 | Create | Villager (Male) |
| 7:32 | Build | House |
| 7:50 | Create | Villager (Male) |
| 7:58 | Create | Villager (Male) |
| 8:42 | Build | Mill |
| 8:56 | Build | House |
| 8:57 | Build | Palisade Wall |
| 9:38 | Research | Feudal Age |
| 9:38 | Research | Feudal Age |
| 11:02 | Create | Villager (Male) |
| 11:02 | Create | Villager (Male) |
| 11:16 | Build | Palisade Wall |
| 11:19 | Build | Palisade Gate |
| 11:45 | Build | Mining Camp |
| 11:57 | Build | Palisade Wall |
| 12:10 | Age | Feudal Age |
| 12:13 | Create | Villager (Male) |
| 12:19 | Build | Market |
| 12:21 | Build | Blacksmith |
| 12:24 | Research | Double-Bit Axe |
| 12:25 | Research | Double-Bit Axe |
| 13:07 | Research | Castle Age |
| 13:07 | Research | Castle Age |
| 13:20 | Build | Palisade Wall |
| 13:21 | Create | Villager (Male) |
| 13:31 | Build | Palisade Wall |
| 13:34 | Build | Palisade Wall |
| 13:53 | Build | House |
| 15:11 | Research | Loom |
| 15:47 | Age | Castle Age |
| 15:58 | Build | Palisade Gate |
| 16:00 | Create | Villager (Male) |
| 16:06 | Create | Villager (Male) |
| 16:10 | Build | Watch Tower |
| 16:40 | Build | Castle |
| 16:42 | Create | Villager (Male) |
| 16:54 | Create | Villager (Male) |
| 17:24 | Build | Palisade Wall |
| 17:38 | Create | Villager (Male) |
| 17:50 | Create | Mangudai |
| 17:50 | Create | Mangudai |
| 17:57 | Research | Fletching |
| 17:58 | Research | Fletching |
| 18:16 | Create | Mangudai |
| 18:23 | Create | Villager (Male) |
| 18:29 | Create | Mangudai |
| 19:00 | Create | Villager (Male) |
| 19:06 | Build | Mill |
| 19:09 | Create | Mangudai |
| 19:12 | Create | Villager (Male) |
| 19:20 | Create | Mangudai |
| 19:26 | Create | Villager (Male) |
| 19:41 | Build | Town Center |
| 19:44 | Create | Mangudai |
| 19:47 | Create | Villager (Male) |
| 19:49 | Create | Villager (Male) |
| 19:57 | Create | Villager (Male) |
| 20:33 | Create | Villager (Male) |
| 20:38 | Create | Villager (Male) |
| 20:42 | Create | Villager (Male) |
| 20:58 | Create | Mangudai |
| 21:02 | Create | Villager (Male) |
| 21:02 | Create | Villager (Male) |
| 21:46 | Build | Mill |
| 21:49 | Create | Mangudai |
| 21:50 | Create | Villager (Male) |
| 21:55 | Create | Villager (Male) |
| 22:00 | Create | Villager (Male) |
| 22:11 | Create | Mangudai |
| 22:11 | Create | Villager (Male) |
| 22:15 | Create | Villager (Male) |
| 22:28 | Create | Villager (Male) |
| 22:39 | Create | Villager (Male) |
| 23:00 | Create | Villager (Male) |
| 23:10 | Research | Bodkin Arrow |
| 23:10 | Research | Bodkin Arrow |
| 23:22 | Create | Villager (Male) |
| 23:24 | Create | Villager (Male) |
| 23:34 | Build | University |
| 23:36 | Build | House |
| 23:41 | Create | Villager (Male) |
| 23:43 | Create | Mangudai |
| 23:43 | Create | Mangudai |
| 23:45 | Create | Villager (Male) |
| 24:05 | Create | Villager (Male) |
| 24:06 | Create | Mangudai |
| 24:14 | Build | House |
| 24:22 | Create | Villager (Male) |
| 24:26 | Build | Mill |
| 24:38 | Create | Villager (Male) |
| 24:40 | Create | Villager (Male) |
| 24:41 | Create | Mangudai |
| 24:57 | Create | Villager (Male) |
| 25:00 | Create | Villager (Male) |
| 25:03 | Research | Horse Collar |
| 25:03 | Research | Horse Collar |
| 25:05 | Build | Farm |
| 25:05 | Build | Farm |
| 25:05 | Build | Farm |
| 25:05 | Build | Farm |
| 25:06 | Build | Farm |
| 25:06 | Build | Farm |
| 25:06 | Build | Farm |
| 25:16 | Create | Villager (Male) |
| 25:20 | Build | House |
| 25:46 | Create | Villager (Male) |
| 25:47 | Create | Villager (Male) |
| 25:47 | Create | Villager (Male) |
| 25:47 | Create | Villager (Male) |
| 25:52 | Create | Villager (Male) |
| 26:00 | Create | Villager (Male) |
| 26:02 | Build | Mining Camp |
| 26:06 | Create | Villager (Male) |
| 26:06 | Create | Mangudai |
| 26:32 | Build | Town Center |
| 26:34 | Build | Lumber Camp |
| 26:41 | Create | Villager (Male) |
Match timeline
| 5:51 | busy pushing deer · first_building Dock |
| 7:47 | lenko · wall_segment Palisade Wall x5 |
| 8:08 | FMG | GreatMaty · first_building Barracks |
| 8:30 | busy pushing deer · wall_segment Palisade Wall x2 |
| 8:57 | FMG | Sawasha Takohida · wall_segment Palisade Wall x1 |
| 9:25 | FMG | GreatMaty · wall_segment Palisade Wall x2 |
| 9:25 | FMG | GreatMaty · wall_segment Palisade Wall x1 |
| 9:43 | busy pushing deer · wall_segment Palisade Wall x3 |
| 10:17 | lenko · first_building Barracks |
| 10:46 | MrSpring84 · first_building Barracks |
| 11:16 | FMG | Sawasha Takohida · wall_segment Palisade Wall x4 |
| 11:27 | FMG | Tano Stokes · wall_segment Palisade Wall x1 |
| 11:28 | FMG | Tano Stokes · wall_segment Palisade Wall x1 |
| 11:29 | FMG | Tano Stokes · wall_segment Palisade Wall x1 |
| 11:29 | FMG | Tano Stokes · wall_segment Palisade Wall x1 |
| 11:30 | FMG | Tano Stokes · wall_segment Palisade Wall x1 |
| 11:30 | FMG | Tano Stokes · wall_segment Palisade Wall x1 |
| 11:31 | FMG | Tano Stokes · wall_segment Palisade Wall x1 |
| 11:31 | FMG | Tano Stokes · wall_segment Palisade Wall x1 |
| 11:39 | FMG | GreatMaty · age_up feudal |
| 11:55 | busy pushing deer · wall_segment Palisade Wall x11 |
| 11:57 | FMG | Sawasha Takohida · wall_segment Palisade Wall x5 |
| 11:59 | lenko · age_up feudal |
| 12:01 | MrSpring84 · age_up feudal |
| 12:01 | lenko · first_building Archery Range |
| 12:05 | MrSpring84 · first_building Stable |
| 12:10 | FMG | Sawasha Takohida · age_up feudal |
| 12:15 | FMG | GreatMaty · first_building Archery Range |
| 12:19 | Great Serbia · age_up feudal |
| 12:38 | busy pushing deer · wall_segment Palisade Wall x1 |
| 12:52 | lenko · wall_segment Palisade Wall x1 |
| 12:53 | lenko · wall_segment Palisade Wall x1 |
| 12:56 | lenko · wall_segment Palisade Wall x10 |
| 13:11 | FMG | ToNGa_UY · first_building Barracks |
| 13:17 | FMG | Tano Stokes · age_up feudal |
| 13:20 | FMG | Sawasha Takohida · wall_segment Palisade Wall x4 |
| 13:31 | FMG | Sawasha Takohida · wall_segment Palisade Wall x5 |
| 13:34 | FMG | Sawasha Takohida · wall_segment Palisade Wall x10 |
| 13:39 | lenko · first_building Dock |
| 13:50 | MrSpring84 · wall_segment Palisade Wall x4 |
| 14:07 | lenko · wall_segment Palisade Wall x4 |
| 14:10 | FMG | ToNGa_UY · age_up feudal |
| 14:17 | FMG | ToNGa_UY · first_building Archery Range |
| 14:27 | FMG | Tano Stokes · first_building Barracks |
| 14:58 | busy pushing deer · age_up feudal |
| 15:03 | lenko · wall_segment Palisade Wall x1 |
| 15:45 | MrSpring84 · wall_segment Palisade Wall x1 |
| 15:47 | FMG | Sawasha Takohida · age_up castle |
| 15:52 | MrSpring84 · wall_segment Palisade Wall x3 |
| 16:02 | Great Serbia · first_market_buy 100 stone |
| 16:24 | FMG | ToNGa_UY · wall_segment Palisade Wall x1 |
| 16:25 | FMG | ToNGa_UY · wall_segment Palisade Wall x1 |
| 16:28 | FMG | ToNGa_UY · wall_segment Palisade Wall x1 |
| 16:29 | FMG | ToNGa_UY · wall_segment Palisade Wall x1 |
| 16:30 | FMG | ToNGa_UY · wall_segment Palisade Wall x1 |
| 16:32 | FMG | ToNGa_UY · wall_segment Palisade Wall x3 |
| 16:33 | FMG | Sawasha Takohida · first_market_buy 100 stone |
| 16:39 | FMG | ToNGa_UY · wall_segment Palisade Wall x1 |
| 16:39 | Great Serbia · age_up castle |
| 16:40 | FMG | Sawasha Takohida · first_building Castle |
| 16:45 | FMG | GreatMaty · wall_segment Palisade Wall x1 |
| 16:47 | FMG | GreatMaty · wall_segment Palisade Wall x6 |
| 16:58 | FMG | ToNGa_UY · wall_segment Palisade Wall x5 |
| 17:00 | FMG | ToNGa_UY · wall_segment Palisade Wall x3 |
| 17:12 | FMG | Tano Stokes · age_up castle |
| 17:20 | FMG | Tano Stokes · first_building Archery Range |
| 17:24 | FMG | Sawasha Takohida · wall_segment Palisade Wall x4 |
| 17:47 | FMG | Sawasha Takohida · first_market_sell 100 wood |
| 17:48 | lenko · wall_segment Palisade Wall x6 |
| 18:05 | FMG | ToNGa_UY · age_up castle |
| 19:31 | FMG | GreatMaty · wall_segment Palisade Wall x1 |
| 20:39 | FMG | Tano Stokes · first_building Stable |
| 21:00 | Great Serbia · first_building Barracks |
| 21:04 | FMG | GreatMaty · wall_segment Palisade Wall x1 |
| 21:11 | lenko · first_market_buy 100 food |
| 21:11 | lenko · first_market_sell 100 wood |
| 22:18 | Great Serbia · first_building Stable |
| 22:54 | MrSpring84 · age_up castle |
| 24:06 | busy pushing deer · age_up castle |
| 24:12 | busy pushing deer · first_market_buy 100 stone |
| 24:13 | busy pushing deer · first_market_sell 500 food |
| 24:22 | busy pushing deer · first_building Castle |
| 24:31 | FMG | GreatMaty · age_up castle |
| 24:32 | FMG | ToNGa_UY · first_market_sell 100 wood |
| 24:44 | FMG | ToNGa_UY · wall_segment Palisade Wall x1 |
| 24:50 | busy pushing deer · first_building Siege Workshop |
| 24:52 | lenko · age_up castle |
| 26:46 | FMG | GreatMaty · first_building Siege Workshop |
| 27:59 | MrSpring84 · first_building Siege Workshop |
| 29:36 | FMG | GreatMaty · first_building Stable |
| 29:52 | Great Serbia · first_building Castle |
| 31:49 | FMG | Tano Stokes · first_market_buy 100 food |
| 32:10 | FMG | ToNGa_UY · first_building Stable |
| 32:14 | FMG | Sawasha Takohida · first_building Barracks |
| 33:07 | FMG | GreatMaty · first_market_buy 100 food |
| 33:09 | FMG | Sawasha Takohida · first_building Stable |
| 33:09 | FMG | Sawasha Takohida · age_up imperial |
| 33:11 | Great Serbia · first_building Siege Workshop |
| 33:29 | FMG | GreatMaty · first_market_sell 100 wood |
| 33:35 | FMG | Sawasha Takohida · wall_segment Palisade Wall x1 |
| 33:36 | FMG | Sawasha Takohida · wall_segment Palisade Wall x1 |
| 33:42 | FMG | Sawasha Takohida · wall_segment Palisade Wall x1 |
| 35:11 | FMG | GreatMaty · first_building Castle |
| 36:12 | FMG | Tano Stokes · wall_segment Palisade Wall x1 |
| 36:14 | lenko · first_building Monastery |
| 37:25 | lenko · first_building Castle |
| 37:36 | Great Serbia · age_up imperial |
| 37:47 | FMG | Tano Stokes · first_building Siege Workshop |
| 39:05 | lenko · first_building Stable |
| 40:46 | FMG | ToNGa_UY · first_building Castle |
| 41:06 | FMG | ToNGa_UY · first_market_buy 100 food |
| 41:08 | MrSpring84 · first_building Monastery |
| 41:16 | FMG | ToNGa_UY · first_building Monastery |
| 42:03 | FMG | Tano Stokes · first_building Castle |
| 42:09 | FMG | GreatMaty · age_up imperial |
| 42:23 | FMG | Tano Stokes · first_market_sell 100 wood |
| 42:41 | lenko · age_up imperial |
| 44:30 | MrSpring84 · age_up imperial |
| 44:47 | FMG | ToNGa_UY · age_up imperial |
| 45:38 | FMG | ToNGa_UY · tribute_sent a jugador 1 |
| 45:38 | FMG | ToNGa_UY · tribute_sent a jugador 2 |
| 45:38 | FMG | ToNGa_UY · tribute_sent a jugador 3 |
| 45:38 | FMG | ToNGa_UY · tribute_sent a jugador 5 |
| 45:38 | FMG | ToNGa_UY · tribute_sent a jugador 6 |
| 45:38 | FMG | ToNGa_UY · tribute_sent a jugador 7 |
| 45:38 | FMG | ToNGa_UY · tribute_sent a jugador 8 |
| 46:50 | FMG | Tano Stokes · age_up imperial |
| 47:53 | MrSpring84 · first_building Archery Range |
| 49:11 | FMG | GreatMaty · tribute_sent a jugador 1 |
| 49:11 | FMG | GreatMaty · tribute_sent a jugador 3 |
| 49:11 | FMG | GreatMaty · tribute_sent a jugador 4 |
| 49:11 | FMG | GreatMaty · tribute_sent a jugador 5 |
| 49:11 | FMG | GreatMaty · tribute_sent a jugador 6 |
| 49:11 | FMG | GreatMaty · tribute_sent a jugador 7 |
| 49:11 | FMG | GreatMaty · tribute_sent a jugador 8 |
| 49:31 | MrSpring84 · first_building Castle |
| 50:09 | FMG | ToNGa_UY · resign |
[ AI ANALYSIS · 1 CREDIT ]
What really happened in this match?
Wolo.gg analyzes every decision: build order, eco, micro, common mistakes by bracket. Personalized analysis on WhatsApp or Discord in 30 seconds.
Civ guide
Japanese
Map guide
African Clearing
Perfil
GreatMaty